 Dungeon Crawl Stone Soup version 0.18.1-50-g88ac8fd (webtiles) character file.

123 Nordron the Changer (level 5, -4/35 HPs)
             Began as an Octopode Transmuter on Sept 24, 2016.
             Slain by Natasha (5 damage)
             ... on level 2 of the Dungeon.
             The game lasted 00:06:22 (1928 turns).

Nordron the Changer (Octopode Transmuter)           Turns: 1928, Time: 00:06:23

Health: -4/35      AC:  1    Str:  9    XL:     5   Next: 7%
Magic:  8/8        EV: 12    Int: 16    God:
Gold:   66         SH:  0    Dex: 13    Spells: 2 memorised, 4 levels left

rFire  . . .     SeeInvis .     d - +0 whip
rCold  . . .     Gourm    .     (no shield)
rNeg   . . .     Faith    .     (helmet restricted)
rPois  .         Spirit   .     (no amulet)
rElec  .         Dismiss  .     (no ring)
rCorr  .         Reflect  .     (no ring)
SustAt .         Harm     .     (no ring)
MR     .....                    (no ring)
Stlth  ++........               (no ring)
                                (no ring)
                                (no ring)
                                (no ring)

@: appendage, not resistant to hostile enchantments, unstealthy
A: almost no armour, amphibious, 8 rings, constrict 8, tentacle spike 3,
camouflage 1, gelatinous body 1
a: End Transformation


You were on level 2 of the Dungeon.
You were not hungry.
One of your tentacles had a temporary spike.
You visited 1 branch of the dungeon, and saw 2 of its levels.

You collected 66 gold pieces.

Inventory:

Hand Weapons
 d - a +0 whip (weapon)
Missiles
 a - 70 arrows
Scrolls
 h - a scroll of identify {unknown}
 i - a scroll of enchant weapon {unknown}
 k - 2 scrolls of amnesia {unknown}
Potions
 e - a potion of might {unknown}
 f - a potion of brilliance {unknown}
 g - a potion of agility {unknown}
 j - 2 potions of heal wounds {unknown}
 m - a potion of cure mutation {unknown}
 o - a potion of flight {unknown}
Books
 b - a book of Changes

   Spells                             Type                      Level
   a - Beastly Appendage              Transmutation                1
   b - Sticks to Snakes               Transmutation                2
   c - Spider Form                    Transmutation/Poison         3
   d - Ice Form                       Ice/Transmutation            4
   e - Blade Hands                    Transmutation                5
Comestibles
 c - a bread ration
 l - 2 meat rations


   Skills:
 + Level 2.7 Fighting
 - Level 2.0 Dodging
 - Level 3.0 Unarmed Combat
 - Level 2.0 Spellcasting
 * Level 4.2 Transmutations


You had 4 spell levels left.
You knew the following spells:

 Your Spells              Type           Power        Failure   Level  Hunger
a - Beastly Appendage     Trmt           ###...       4%          1    #......
b - Spider Form           Trmt/Pois      #.........   28%         3    ###....


Dungeon Overview and Level Annotations

Branches:
Dungeon (2/15)

Altars:

Annotations:
D:2 Natasha


Innate Abilities, Weirdness & Mutations

You cannot wear most types of armour.
You are amphibious.
You can wear up to eight rings at the same time.
You can use your tentacles to constrict eight enemies at once.
Your skin changes colour to match your surroundings (Stealth).
Your rubbery body absorbs attacks (AC +1).
One of your tentacles bears a large vicious spike.


Message History

Things that are here:
a dagger; 3 stones You start resting.
Magic restored.
You hit Natasha. Your grab misses Natasha.
Your tentacle spike misses Natasha.
Natasha is moderately wounded.
Natasha casts a spell at you. You resist with some effort.
You barely miss Natasha. Your grab misses Natasha.
Natasha is moderately wounded.
Natasha claws you!
* * * LOW HITPOINT WARNING * * *
Natasha claws you.
* * * LOW HITPOINT WARNING * * *
You hit Natasha. You grab Natasha.
Natasha is heavily wounded.
You constrict Natasha.
Natasha extends her claws.
Natasha claws you.
You die...

.....# ....# ....# ####
....### ...# ########.....#
...######......).# #.#
....<...#........# #.#
...####.........@# #.### #
....[..........h####...## #.##
.....####........(...h..#.....
####............######........
######...<...# #(##.....
#.......#### #)###....
####......[###)....###
#)##...).....(###
##.##.###>.........


You could see Natasha.

Vanquished Creatures
  Natasha (twice) (D:2)
  Robin (D:2)
  2 adders (D:2)
  3 giant geckos
  A ball python (D:1)
  A bat (D:1)
  A giant cockroach (D:1)
  11 goblins (D:2)
  4 hobgoblins (D:1)
  4 jackals (D:1)
  2 kobolds
  2 giant newts (D:1)
  7 rats
41 creatures vanquished.

Notes
Turn   | Place    | Note
--------------------------------------------------------------
     0 | D:1      | Nordron the Octopode Transmuter began the quest for the Orb.
     0 | D:1      | Reached XP level 1. HP: 13/13 MP: 3/3
   324 | D:1      | Reached XP level 2. HP: 8/18 MP: 3/5
  1224 | D:1      | Reached skill level 3 in Transmutations
  1224 | D:1      | Reached XP level 3. HP: 19/24 MP: 4/6
  1574 | D:2      | Noticed Natasha
  1575 | D:2      | Noticed Robin
  1611 | D:2      | Killed Natasha
  1611 | D:2      | Reached XP level 4. HP: 10/30 MP: 5/7
  1753 | D:2      | Noticed Natasha
  1759 | D:2      | Killed Natasha
  1759 | D:2      | Reached skill level 4 in Transmutations
  1767 | D:2      | Learned a level 3 spell: Spider Form
  1842 | D:2      | Killed Robin
  1851 | D:2      | Reached XP level 5. HP: 8/35 MP: 8/8
  1888 | D:2      | Noticed Natasha
  1927 | D:2      | HP: 1/35 [Natasha (1)]
  1928 | D:2      | Slain by Natasha

Skill      XL: |  1  2  3  4 |
---------------+-------------+-----
Transmutations | 3 4 |  4.2
Fighting       | 2 |  2.7
Dodging        | |  2.0
Unarmed Combat | |  3.0
Spellcasting   | |  2.0

Action                   |  1- 3 |  4- 6 || total
-------------------------+-------+-------++-------
Melee: Whip              |    64 |    26 ||    90
       Constrict         |    19 |     9 ||    28
       Kick              |    20 |     6 ||    26
       Tentacles         |    13 |     3 ||    16
       Punch             |     1 |       ||     1
 Cast: Beastly Appendage |    17 |     4 ||    21
 Stab: Sleeping          |     3 |       ||     3
  Eat: Chunk             |     2 |     2 ||     4
Armor: Skin              |     3 |       ||     3
Dodge: Dodged            |    27 |    19 ||    46
